 Dungeon Crawl Stone Soup version 0.31-a0-848-gaac375c287 (webtiles) character file.

Game seed: 15655420726514419126

13 Maratek the Shield-Bearer (level 2, -1/21 HPs)
             Began as an Octopode Fighter on Oct 4, 2023.
             Slain by a jackal (2 damage)
             ... on level 1 of the Dungeon.
             The game lasted 00:00:20 (229 turns).

Maratek the Shield-Bearer (Octopode Fighter)         Turns: 229, Time: 00:00:21

Health: -1/21      AC:  1    Str: 15    XL:     2   Next: 37%
Magic:  2/2        EV: 13    Int: 10    God:
Gold:   26         SH:  4    Dex: 11    Spells: 1/1 levels left

rFire   . . .        a - +0 war axe
rCold   . . .        b - +0 buckler
rNeg    . . .        (helmet restricted)
rPois   .            (no amulet)
rElec   .            (no ring)
rCorr   .            (no ring)
SInv    .            (no ring)
Will    .....        (no ring)
Stlth   ++           (no ring)
HPRegen 0.23/turn    (no ring)
MPRegen 0.08/turn    (no ring)
                     (no ring)

%: no passive effects
@: no status effects
A: almost no armour, amphibious, 8 rings, camouflage 1, gelatinous body 1,
(nimble swimmer 1), tentacles
a: no special abilities


You were on level 1 of the Dungeon.
You visited 1 branch of the dungeon, and saw 1 of its levels.

You collected 26 gold pieces.

Inventory:

Hand Weapons
 a - a +0 war axe (weapon)
Armour
 b - a +0 buckler (worn)
Potions
 c - a potion of might


   Skills:
 + Level 3.1 Fighting
 + Level 2.2 Axes
 + Level 3.1 Dodging
 + Level 3.2 Shields


You had one spell level left.
You didn't know any spells.
Your spell library was empty.

Dungeon Overview and Level Annotations

Branches:
Dungeon (1/15)

Altars:


Innate Abilities, Weirdness & Mutations

You cannot wear most types of armour.
You are amphibious.
You can wear up to eight rings at the same time.
Your skin changes colour to match your surroundings (Stealth+).
Your rubbery body absorbs attacks. (AC +1, EV +1)
((You are camouflaged when in or above water. (Stealth+)))
You have tentacles for arms and can constrict up to eight enemies at once.


Message History

You closely miss the jackal. You grab the jackal. You barely miss the jackal.
You hit the rat.
You kill the rat!
You constrict the jackal. The jackal bites you. x2
You block the jackal's attack. The jackal bites you.
The jackal barely misses you.
You hit the jackal.
You kill the jackal!
You closely miss the jackal. x2; You barely miss the jackal.
You hit the jackal but do no damage. The jackal closely misses you.
You block the jackal's attack. The jackal bites you. x2
The jackal barely misses you. The jackal closely misses you.
The jackal bites you.
* * * LOW HITPOINT WARNING * * *
The jackal closely misses you. x2
You are too injured to fight recklessly!
You are too injured to fight recklessly!
You are too injured to fight recklessly!
You are too injured to fight recklessly!
You slash the jackal!
You kill the jackal!
You hit the jackal. You barely miss the jackal.
You hit the jackal but do no damage. You hit the jackal.
The jackal bites you but does no damage.
The jackal barely misses you. The jackal bites you.
* * * LOW HITPOINT WARNING * * *
The jackal misses you. The ball python closely misses you.
The ball python barely misses you. The jackal bites you.
* * * LOW HITPOINT WARNING * * *
The jackal closely misses you. The jackal bites you.
* * * LOW HITPOINT WARNING * * *
The jackal bites you.
* * * LOW HITPOINT WARNING * * *
You closely miss the jackal. Your grab misses the jackal.
You barely miss the jackal. You barely miss the ball python.
You barely miss the jackal. You hit the jackal. You block the jackal's attack.
The ball python closely misses you. x2
The jackal bites you but does no damage.
You block the jackal's attack. The jackal bites you.
You die...

#...#####.####.#
#......##......#
#......'.......##
#......##......#.
#......##......#.
.#######...#####......#.
.......#...# #......#.
......†#h..# #####).#.
......†@h..# ###...†
......hSh.....# #....#.
..............# #.#..#.
..............# #.#..#.
######...[....# ..#..#.
#........# ####..#.
.........# #....
.....[...+ #..... #.....


You could see 4 jackals and a ball python.

Vanquished Creatures
  An endoplasm (D:1)
  3 hobgoblins (D:1)
  2 jackals (D:1)
  A quokka (D:1)
  A bat (D:1)
  A frilled lizard (D:1)
  2 kobolds (D:1)
  A rat (D:1)
12 creatures vanquished.

Notes
Turn   | Place    | Note
-------+----------+-------------------------------------------
     0 | D:1      | Maratek the Octopode Fighter began the quest for the Orb.
     0 | D:1      | Reached XP level 1. HP: 16/16 MP: 1/1
   138 | D:1      | Reached XP level 2. HP: 5/21 MP: 2/2
   228 | D:1      | HP: 1/21 [jackal (1)]
   229 | D:1      | Slain by a jackal

Illustrated notes

Levels and vault maps discovered:
D:1:      minmay_arrival_shattered_statue, layout_basic

Action                     || total
---------------------------++-------
  Melee: War axe           ||    18
         Constrict         ||     3
         Tentacles         ||     2
 Armour: Skin              ||    24
  Dodge: Dodged            ||    30
  Block: Buckler           ||     8

Table legend: (Time is in decaauts)
 A = Elapsed time spent in this place.
 B = Non-inter-level travel time spent in this place.
 C = Inter-level travel time spent in this place.
 D = Time resting spent in this place.
 E = Time spent auto-exploring this place.
 F = Levels seen in this place.
 G = Mean time per level.
                   A        B        C        D        E       F      G
               +--------+--------+--------+--------+--------+-----+--------+
         Total |    236 |    236 |      0 |      0 |    191 |   1 |  236.0 |
       Dungeon |    236 |    236 |      0 |      0 |    191 |   1 |  236.0 |
               +--------+--------+--------+--------+--------+-----+--------+

Top non-repeatable levels by time:
     D:1: 236 daAuts
